 Dungeon Crawl Stone Soup version 0.17-a0-1987-gaf5a542 (webtiles) character file.

5 hexophile the Ruffian (level 1, -1/22 HPs)
             Began as a Troll Monk on Oct 6, 2015.
             Slain by Sigmund
             ... wielding a +0 scythe
              (4 damage)
             ... on level 2 of the Dungeon.
             The game lasted 00:00:32 (89 turns).

hexophile the Ruffian (Troll Monk)                    Turns: 89, Time: 00:00:32

Health: -1/22      AC:  5    Str: 18    XL:     1   Next: 66%
Magic:  0/0        EV: 10    Int:  6    God:
Gold:   0          SH:  0    Dex: 12    Spells: 0 memorised, 0 levels left

rFire  . . .     SeeInvis .       - Unarmed
rCold  . . .     Clarity  .     a - +0 robe
rNeg   . . .     SustAt   .     (no shield)
rPois  .         Gourm    +     (helmet restricted)
rElec  .         Spirit   .     (no cloak)
rCorr  .         Warding  .     (gloves unavailable)
rMut   .         Stasis   .     (boots unavailable)
MR     .....                    (no amulet)
Stlth  +.........               (no ring)
                                (no ring)

@: not resistant to hostile enchantments, very unstealthy
A: unfitting armour, claws 3, fast metabolism 3, gourmand, regeneration 2,
shaggy fur 1, tough skin 2
a: no special abilities


You were on level 2 of the Dungeon.
You were not hungry.

You visited 1 branch of the dungeon, and saw 2 of its levels.


Innate Abilities, Weirdness & Mutations

You are too large for most types of armour.
You have claws for hands.
Your metabolism is lightning-fast.
You like to eat raw meat.
You heal very quickly.
You are covered in fur (AC +1).
You have very tough skin (AC +2).

Inventory:

Armour
 a - a +0 robe (worn)
Scrolls
 d - a scroll of identify
 e - a scroll of enchant armour
 f - a scroll of remove curse {unknown}
Comestibles
 b - 2 bread rations
 c - a slice of pizza
 g - 2 chunks of flesh


You couldn't memorise any spells.
You didn't know any spells.


   Skills:
 - Level 2.4 Fighting
 - Level 2.4 Dodging
 - Level 1.1 Stealth
 + Level 4.3 Unarmed Combat

Dungeon Overview and Level Annotations

Branches:
Dungeon (2/15)

Altars:

Annotations:
D:2 Sigmund

Vault maps used:
D:1:      shiori_arrival_oz, minmay_splitting_lines
D:2:      fedhas_altar_2, uniq_terence, uniq_sigmund
You       could see Sigmund.


Message History

Things that are here:
a rat corpse x2
You butcher the rat corpse.
g - a chunk of flesh You see here a rat corpse.
You butcher the rat corpse.
g - 2 chunks of flesh (gained 1)
You see here a rat skeleton.
You see here a short sword.
There is an escape hatch in the floor here.
You slide downwards.
The hatch slams shut behind you.
Found 6 tomahawks of returning.
Sigmund the Dreaded comes into view.
He is wielding a scythe.
Found a scale mail and a whip.
Sorry, you're not good enough to have a special ability.
Unknown command.
You aren't carrying any potions.
Read which item? (? for menu, Esc to quit)
As you read the scroll labeled SAFFAR ULARON, it crumbles to dust.
It is a scroll of identify.
Identify which item? (\ to view known items) (? for menu, Esc to quit)
e - a scroll of enchant armour Sigmund shouts!
You scratch Sigmund.
Sigmund is lightly wounded.
Sigmund says, "Your kind have come here before.
I understand now why.
You desire death..."
Sigmund closely misses you.
You barely miss Sigmund.
Sigmund is lightly wounded.
Sigmund screams, "Don't try to resist!"
Sigmund hits you with a scythe!
Ouch! That really hurt!
You take 12 damage, and have 10/22 hp.
MASSIVE DAMAGE!!
You closely miss Sigmund.
Sigmund is lightly wounded.
You closely miss Sigmund.
Sigmund is lightly wounded.
Sigmund hits you with a scythe!
* * * LOW HITPOINT WARNING * * *
You take 8 damage, and have 2/22 hp.
MASSIVE DAMAGE!!
You claw Sigmund!
Sigmund is heavily wounded.
Unknown command.
You scratch Sigmund but do no damage.
Sigmund is heavily wounded.
Sigmund barely misses you.
You scratch Sigmund.
Sigmund is heavily wounded.
Sigmund hits you with a scythe.
You die...

Action                   || total
-------------------------++-------
Melee: Unarmed           ||    16
  Use: Scroll            ||     1

Notes
Turn   | Place    | Note
--------------------------------------------------------------
     0 | D:1      | hexophile the Troll Monk began the quest for the Orb.
     0 | D:1      | Reached XP level 1. HP: 22/22 MP: 0/0
    76 | D:2      | Noticed Sigmund
    89 | D:2      | Slain by Sigmund

Table legend:
 A = Turns spent in this place as a percentage of turns spent in the entire game.
 B = Non-inter-level travel turns spent in this place as a percentage of non-inter-level travel turns spent in the entire game.
 C = Inter-level travel turns spent in this place as a percentage of turns spent in this place.
 D = Turns resting spent in this place as a percentage of non-inter-level travel turns spent in this place.
 E = Turns spent auto-exploring this place as a percentage of non-inter-level travel turns spent in this place.
 F = Non-inter-level travel turns spent in this place divided by the number of levels of this place that you've seen.
                   A       B       C       D       E      F
               +-------+-------+-------+-------+-------+----------------------
         Total | 100.0 | 100.0 |   0.0 |   0.0 |   7.6 |  39.5
       Dungeon | 100.0 | 100.0 |   0.0 |   0.0 |   7.6 |  39.5
               +-------+-------+-------+-------+-------+----------------------

Table legend:
 A = Kills in this place as a percentage of kills in entire the game.
 B = Kills by you in this place as a percentage of kills by you in the entire game.
 C = Kills by friends in this place as a percentage of kills by friends in the entire game.
 D = Other kills in this place as a percentage of other kills in the entire game.
 E = Experience gained in this place as a percentage of experience gained in the entire game.
 F = Experience gained in this place divided by the number of levels of this place that you have seen.
                   A       B       C       D       E      F
               +-------+-------+-------+-------+-------+----------------------
         Total | 100.0 | 100.0 |  -nan |  -nan | 100.0 |   4.0
       Dungeon | 100.0 | 100.0 |  -nan |  -nan | 100.0 |   4.0
               +-------+-------+-------+-------+-------+----------------------

Vanquished Creatures
  A goblin (D:1)
  A kobold (D:1)
  A bat (D:1)
  3 rats (D:1)
6 creatures vanquished.
